 Dungeon Crawl Stone Soup version 0.30.0-5-g1a98f26d00 (webtiles) character file.

Game seed: 1425760447018254795

5585 Foic the Thaumaturge (level 10, -6/50 HPs)
             Began as a Deep Elf Conjurer on May 11, 2023.
             Shot with an arrow by a centaur warrior (18 damage)
             ... on level 7 of the Dungeon.
             The game lasted 00:59:54 (10323 turns).

Foic the Thaumaturge (Deep Elf Conjurer)           Turns: 10323, Time: 00:59:55

Health: -6/50      AC:  6    Str:  4    XL:     10   Next: 45%
Magic:  21/36      EV: 15    Int: 28    God:
Gold:   452        SH:  0    Dex: 13    Spells: 12/31 levels left

rFire   . . .        a - staff of conjuration
rCold   . . .        (no shield)
rNeg    . . .        b - +0 robe
rPois   .            n - +0 helmet
rElec   .            (no cloak)
rCorr   .            (no gloves)
SInv    .            F - +0 pair of boots
Will    +....        (no amulet)
Stlth   ++++         v - ring of magical power
HPRegen 0.28/turn    p - ring of wizardry
MPRegen 0.25/turn

%: wizardry (x1)
@: studying Throwing
A: iridescent scales 1
a: no special abilities


You were on level 7 of the Dungeon.
You visited 2 branches of the dungeon, and saw 9 of its levels.
You also visited: Ossuary.

You collected 452 gold pieces.

Inventory:

Hand Weapons
 H - the +8 dagger of the Postmodern Xalams {venom, Will+}
   (You took it off a goblin on level 4 of the Dungeon)

   Will:      It increases your willpower.
Missiles
 f - 8 poisoned darts
 g - 92 stones
 s - a throwing net
 D - 4 boomerangs
Armour
 b - a +0 robe (worn)
 d - a +0 leather armour
 n - a +0 helmet (worn)
 F - a +0 pair of boots (worn)
Magical Staves
 a - a staff of conjuration (weapon)
Jewellery
 p - a ring of wizardry (right hand)
 v - a ring of magical power (left hand)
 w - an amulet of guardian spirit
 A - a ring of flight
 K - an amulet of faith
Wands
 L - a wand of acid (5)
 N - a wand of flame (16)
Scrolls
 e - 7 scrolls of identify {unknown}
 i - 2 scrolls of blinking {unknown}
 j - a scroll of torment {unknown}
 l - 4 scrolls of enchant armour {unknown}
 o - 3 scrolls of noise {unknown}
 r - 2 scrolls of fog {unknown}
 t - a scroll of immolation {unknown}
 x - a scroll of brand weapon {unknown}
 y - 6 scrolls of teleportation {unknown}
 z - a scroll of enchant weapon {unknown}
 J - a scroll of vulnerability {unknown}
Potions
 c - a potion of cancellation {unknown}
 h - 4 potions of magic
 k - 3 potions of lignification
 m - 3 potions of heal wounds
 q - 3 potions of curing {unknown}
 u - 4 potions of brilliance {unknown}
 B - 2 potions of degeneration {unknown}
 C - 2 potions of flight {unknown}
 E - a potion of ambrosia {unknown}
 G - a potion of resistance
 I - a potion of berserk rage {unknown}
 M - 2 potions of haste {unknown}


   Skills:
 + Level 7.2 Dodging
 + Level 7.9 Stealth
 * Level 11.0 Spellcasting
 * Level 9.9 Conjurations
 + Level 7.4 Hexes
 + Level 2.0 Translocations
 - Level 3.3 Evocations


You had 12 spell levels left.
You knew the following spells:

 Your Spells              Type           Power      Damage    Failure   Level
a - Magic Dart            Conj           100%       1d8       1%          1
b - Searing Ray           Conj           100%       2d8       1%          2
c - Dazzling Flash        Conj/Hex       100%       N/A       1%          3
d - Fulminant Prism       Conj/Hex       38%        3d17      1%          4
e - Blink                 Tloc           54%        N/A       1%          2
f - Iskenderun's Mystic   Conj/Tloc      65%        2d13      1%          4
s - Stone Arrow           Conj/Erth      100%       3d13      1%          3

Your spell library contained the following spells:

 Spells                   Type           Power      Damage    Failure   Level
 Sandblast                Erth           30%        2d9       1%          1
 Static Discharge         Conj/Air       100%       2-7/arc   1%          2
 Passwall                 Tmut/Erth      12%        N/A       2%          2
 Manifold Assault         Tloc           27%        N/A       6%          4
 Airstrike                Air            7%         2d(2-18)  14%         4
 Summon Lightning Spire   Summ/Air       15%        N/A       14%         4
 Storm Form               Tmut/Air       7%         N/A       100%        7


Dungeon Overview and Level Annotations

Branches:
Dungeon (8/15)             Temple (1/1) D:7            Lair (0/5) D:8
Ossuary (visited)

Altars:
Ashenzari
Cheibriados
Elyvilon
Fedhas
Gozag
Kikubaaqudgha
Makhleb
Nemelex Xobeh
Okawaru
Qazlal
Ru
Sif Muna
Trog
Uskayaw
Wu Jian
Xom
Yredelemnul
Zin


Innate Abilities, Weirdness & Mutations

You are partially covered in iridescent scales. (AC +2)


Message History

The centaur warrior shouts!
A fulminant prism comes into view.
The centaur warrior wields a +0 shortbow.
The centaur warrior shoots an arrow.
The arrow misses you.
The centaur warrior shoots an arrow.
The arrow hits you!!
Your fulminant prism crackles loudly.
The centaur warrior shoots an arrow.
The arrow hits your fulminant prism!
Your fulminant prism explodes!
The blast of energy engulfs the bush!
The bush is lightly damaged.
The blast of energy engulfs the centaur warrior!
The centaur warrior is lightly wounded.
The blast of energy engulfs the bush!
The bush is moderately damaged.
The blast of energy engulfs the bush.
The bush is lightly damaged.
You hear an angry hiss.
There is an open door here.
Casting: Fulminant Prism (safe; 1% risk of failure)
Confirm with . or Enter, or press ? or * to list all spells.
Aiming: Fulminant Prism (safe; 1% risk of failure)
Press: ? - help, Dir - move target You feel a surge of power!
You conjure a prism of explosive energy!
A fulminant prism comes into view.
Your fulminant prism crackles loudly.
The centaur warrior shoots an arrow.
The arrow barely misses you.
The centaur warrior shoots an arrow.
The arrow misses you.
Your fulminant prism explodes!
The blast of energy engulfs the centaur warrior!!
The centaur warrior is heavily wounded.
The blast of energy engulfs the bush!!
The bush is moderately damaged.
Casting: Fulminant Prism (safe; 1% risk of failure)
Confirm with . or Enter, or press ? or * to list all spells.
You can't see any susceptible monsters within range! (Use Z to cast anyway.)
The centaur warrior shoots an arrow.
The arrow hits you!!
* * * LOW HITPOINT WARNING * * *
The centaur warrior shoots an arrow.
The arrow hits you!!
You die...

...# ##.....###.### ...#
##...<.......##
...####.............###
....##............#...###
....##.....#.##.........#
....#....#.##.##.#..##..#
.........######################
........†.#.........c.P.P.P.P.#
.....#.##.#.....@...#.....)...#
.....#.#..#.........#......c..#
#........##....†....#P.P.P.P..#
##############'##############'#
###..#>...#....# ........#
.#...#....#.⌠..# .......)#
.....#....#..⌠.# ....).*.#
>....#....')...# .....[..#
#....########### ..).)...#


You could see a centaur warrior.

Vanquished Creatures
  A manticore (D:7)
  A gargoyle (D:7)
  Sigmund (D:6)
  A vampire (D:7)
  A wyvern (D:7)
  A wraith (D:5)
  5 yaks (D:8)
  A basilisk (D:8)
  A steam dragon (D:7)
  Edmund (D:6)
  An ice beast (D:6)
  An orc warrior (D:6)
  2 sky beasts
  2 black bears
  2 centaurs (D:8)
  2 phantoms (D:5)
  2 elf zombies (Ossuary)
  A kobold brigand (D:5)
  3 bullfrogs
  3 scorpions
  An elf skeleton (D:5)
  10 wights
  2 howler monkeys
  2 human zombies (Ossuary)
  A centaur zombie (Ossuary)
  6 hounds
  A gnoll bouda (D:6)
  2 jellies
  2 sleepcaps (D:5)
  4 iguanas
  3 orc priests (D:6)
  A human skeleton (D:5)
  3 orc wizards (D:6)
  2 mummies (Ossuary)
  7 gnolls
  11 adders
  A shadow imp (D:5)
  5 white imps
  An ufetubus (D:5)
  A worm (D:2)
  2 dart slugs
  29 orcs
  7 bats
  7 endoplasms
  4 giant cockroaches
  7 hobgoblins
  11 jackals
  3 quokkas
  4 ball pythons
  15 frilled lizards
  10 goblins
  A goblin zombie (Ossuary)
  13 hobgoblin zombies (Ossuary)
  A jackal zombie (Ossuary)
  14 kobolds
  6 kobold zombies (Ossuary)
  3 orc skeletons (D:5)
  10 orc zombies
  4 rats
  2 rat zombies (Ossuary)
252 creatures vanquished.

Vanquished Creatures (others)
  37 fulminant prisms
37 creatures vanquished.

Grand Total: 289 creatures vanquished

Notes
Turn   | Place    | Note
-------+----------+-------------------------------------------
     0 | D:1      | Foic the Deep Elf Conjurer began the quest for the Orb.
     0 | D:1      | Reached XP level 1. HP: 10/10 MP: 6/6
   168 | D:1      | Reached XP level 2. HP: 15/15 MP: 5/8
   408 | D:1      | Learned a level 2 spell: Searing Ray
   618 | D:1      | Reached skill level 1 in Hexes
  1261 | D:2      | Reached XP level 3. HP: 19/19 MP: 7/10
  1288 | D:2      | Learned a level 3 spell: Dazzling Flash
  1553 | D:2      | Reached skill level 1 in Evocations
  1691 | D:2      | Reached XP level 4. HP: 24/24 MP: 8/11
  1738 | D:2      | Reached skill level 4 in Spellcasting
  2204 | D:2      | Reached skill level 5 in Conjurations
  2600 | D:3      | Found a faded altar of an unknown god.
  2644 | D:3      | Reached XP level 5. HP: 28/28 MP: 13/13
  4146 | D:4      | Identified the +8 dagger of the Postmodern Xalams {venom,
                  | Will+}
  4241 | D:5      | Entered Level 5 of the Dungeon
  4243 | D:5      | Noticed a black bear
  4252 | D:5      | Killed a black bear
  4253 | D:5      | Reached skill level 5 in Spellcasting
  4253 | D:5      | Reached XP level 6. HP: 32/32 MP: 15/15
  4498 | D:5      | Reached XP level 7. HP: 36/36 MP: 16/17
  4610 | D:5      | Reached skill level 6 in Spellcasting
  4789 | D:5      | Found a sand-covered staircase.
  4803 | Ossuary  | Entered an ossuary
  5366 | Ossuary  | Reached XP level 8. HP: 36/41 MP: 12/20
  6122 | D:5      | Reached skill level 5 in Stealth
  6122 | D:5      | Reached skill level 7 in Spellcasting
  6442 | D:5      | Learned a level 4 spell: Fulminant Prism
  6445 | D:5      | Learned a level 2 spell: Blink
  6499 | D:5      | Found an iron altar of Okawaru.
  6536 | D:5      | Found a glowing silver altar of Zin.
  6537 | D:5      | Found a sparkling altar of Nemelex Xobeh.
  6670 | D:6      | Reached skill level 5 in Dodging
  6973 | D:6      | Found an ancient bone altar of Kikubaaqudgha.
  7025 | D:6      | Gained mutation: You are partially covered in iridescent
                  | scales. (AC +2) [potion of mutation]
  7056 | D:6      | Reached skill level 5 in Hexes
  7080 | D:6      | Reached skill level 8 in Spellcasting
  7274 | D:6      | Noticed Edmund
  7318 | D:6      | Killed Edmund
  7455 | D:6      | Learned a level 4 spell: Iskenderun's Mystic Blast
  7469 | D:6      | Noticed Sigmund
  7473 | D:6      | Killed Sigmund
  7474 | D:6      | Reached XP level 9. HP: 45/45 MP: 23/23
  8259 | D:6      | Reached skill level 9 in Spellcasting
  8396 | D:7      | Learned a level 3 spell: Stone Arrow
  8564 | D:7      | Found a staircase to the Ecumenical Temple.
  8573 | Temple   | Entered the Ecumenical Temple
  9451 | D:8      | Reached skill level 10 in Spellcasting
  9778 | D:8      | Reached XP level 10. HP: 50/50 MP: 24/26
  9783 | D:8      | Reached skill level 1 in Translocations
  9910 | D:8      | Found a staircase to the Lair.
 10294 | D:7      | Noticed a gargoyle
 10297 | D:7      | Noticed a manticore
 10298 | D:7      | Killed a gargoyle
 10301 | D:7      | Killed a manticore
 10302 | D:7      | Reached skill level 11 in Spellcasting
 10312 | D:7      | Noticed a centaur warrior
 10323 | D:7      | Shot with an arrow by a centaur warrior

Illustrated notes

Levels and vault maps discovered:
D:1:      dpeg_arrival_chambers_temple_mockup, layout_basic, minmay_lizard_pond
D:2:      layout_loops_cross, minmay_pentomino_z4
D:3:      layout_basic, dilly_ecumenical_altar_fadedgnrine,
          minmay_misc_feat_tiny, minivault_5, lexackson_kobold_supper
D:4:      layout_loops_ring
D:5:      minmay_chambers_of_fours, layout_basic, minitemple,
          nicolae_ossuary_entry_catacombs
D:6:      layout_basic, mainiacjoe_overflow_tiny_flanked,
          mumra_transporter_accident, nicolae_hexahallways,
          minmay_misc_feat_secret_circle, uniq_edmund, uniq_sigmund
D:7:      minmay_klotski, layout_cave_pools, minmay_temple_entry_gardened_gates,
          minmay_misc_feat_cross
D:8:      layout_rooms, david_lair_generic, minmay_manual_mares
Temple:   nicolae_temple_superstar

Skill      XL: |  1  2  3  4  5  6  7  8  9 10 |
---------------+-------------------------------+-----
Hexes          | 1 2 3 4 5 6 7 |  7.4
Stealth        | 3 4 6 7 |  7.9
Evocations     | 1 2 3 |  3.3
Spellcasting   | 4 5 6 8 10 11 | 11.0
Conjurations   | 5 6 8 9 |  9.9
Dodging        | 3 4 5 6 7 |  7.2
Translocations | 2 |  2.0

Action                     |  1- 3 |  4- 6 |  7- 9 | 10-12 || total
---------------------------+-------+-------+-------+-------++-------
  Melee: Staff             |     3 |       |     3 |       ||     6
   Cast: Magic Dart        |    61 |   115 |   182 |     5 ||   363
         Searing Ray       |     6 |    11 |    42 |       ||    59
         Dazzling Flash    |       |       |     8 |     1 ||     9
         Fulminant Prism   |       |       |    30 |     7 ||    37
         Blink             |       |       |     7 |       ||     7
         Stone Arrow       |       |       |    15 |     8 ||    23
         Iskenderun's Myst |       |       |     5 |     1 ||     6
    Use: Potion            |     3 |       |     7 |       ||    10
 Armour: Robe              |       |     3 |    24 |     1 ||    28
         Skin              |       |       |    51 |       ||    51
  Dodge: Dodged            |    14 |    10 |    74 |     3 ||   101
